 Dungeon Crawl Stone Soup version 0.28-a0-258-g8de209e91f (webtiles) character file.

Game seed: 18347224980868588966

38294 theanonym the Brawler (level 13, 0/135 HPs)
             Began as a Troll Fighter on Aug 26, 2021.
             Slain by a seven-headed hydra (4 damage)
             ... on level 13 of the Dungeon.
             The game lasted 00:25:18 (13325 turns).

theanonym the Brawler (Troll Fighter)              Turns: 13325, Time: 00:25:19

Health: 0/135      AC: 14    Str: 37    XL:     13   Next: 63%
Magic:  12/12      EV:  9    Int:  4    God:
Gold:   265        SH: 10    Dex:  9    Spells: 12/12 levels left

rFire   . . .      SeeInvis .     - Unarmed
rCold   . . .      Faith    .   b - +0 kite shield
rNeg    . . .      Spirit   .   F - +1 troll leather armour
rPois   .          Reflect  .   (helmet restricted)
rElec   .          Harm     .   j - +2 cloak
rCorr   .          Rampage  .   (gloves unavailable)
Will    .....                   (boots unavailable)
Stlth   +.........              (no amulet)
HPRegen 2.32/turn               E - +4 ring of protection
MPRegen 0.13/turn               z - +6 ring of strength

@: no status effects
A: large, unfitting armour, claws 3, regeneration 1, shaggy fur 1, tough skin 1
a: no special abilities


Innate Abilities, Weirdness & Mutations

You are too large for most types of armour.
You have claws for hands.
Your natural rate of healing is unusually fast.
You are covered in fur. (AC +1)
You have tough skin. (AC +1)


   Skills:
 + Level 10.4 Fighting
 - Level 2.4 Dodging
 + Level 10.4 Shields
 * Level 16.1 Unarmed Combat


You had 12 spell levels left.
You didn't know any spells.
Your spell library contained the following spells:

 Spells                   Type           Power      Damage    Failure   Level
 Corona                   Hex            0%         N/A       54%         1
 Magic Dart               Conj           0%         1d3       54%         1
 Pain                     Necr           0%         1d4       54%         1
 Corpse Rot               Necr/Air       N/A        N/A       67%         2
 Ensorcelled Hibernation  Hex/Ice        0%         N/A       67%         2
 Passwall                 Tmut/Erth      0%         N/A       67%         2
 Searing Ray              Conj           0%         3d3       67%         2
 Conjure Flame            Conj/Fire      0%         6-21      88%         3
 Ignite Poison            Fire/Tmut/Pois 0%         N/A       88%         3
 Tukima's Dance           Hex            0%         N/A       88%         3
 Animate Armour           Summ/Erth      0%         N/A       99%         4
 Fulminant Prism          Conj/Hex       0%         3d6       99%         4
 Sticky Flame             Conj/Fire      0%         2d3       99%         4
 Blade Hands              Tmut           0%         N/A       100%        5
 Fireball                 Conj/Fire      0%         3d3       100%        5
 Iskenderun's Battlesphe  Conj           0%         2d6       100%        5
 Conjure Ball Lightning   Conj/Air       0%         3x3d6     100%        6
 Iron Shot                Conj/Erth      0%         9d1       100%        6
 Orb of Destruction       Conj           0%         N/A       100%        7

Skill      XL: |  1  2  3  4  5  6  7  8  9 10 11 12 13 |
---------------+----------------------------------------+-----
Unarmed Combat | 3 4 5 7 8 10 12 13 15 16 | 16.1
Fighting       | 3 4 5 6 7 8 9 10 | 10.4
Shields        | 3 4 5 6 7 8 9 10 | 10.4
Dodging        | |  2.4

Action                   |  1- 3 |  4- 6 |  7- 9 | 10-12 | 13-15 || total
-------------------------+-------+-------+-------+-------+-------++-------
Melee: Unarmed           |   115 |    51 |   304 |   709 |   244 ||  1423
Throw: Large rock        |       |       |       |       |     4 ||     4
Evoke: Wand              |       |       |       |    34 |       ||    34
  Use: Potion            |       |     1 |     2 |     4 |     3 ||    10
       Scroll            |       |     1 |    11 |     8 |     6 ||    26
 Stab: Distracted        |       |       |       |       |     1 ||     1
Armor: Robe              |    31 |    20 |   110 |   121 |       ||   282
       Skin              |       |       |     6 |       |       ||     6
       Steam dragon scal |       |       |       |   111 |       ||   111
       Troll leather arm |       |       |       |    97 |   108 ||   205
Dodge: Dodged            |    29 |    20 |   103 |   260 |   100 ||   512
Block: Kite shield       |    31 |    18 |   123 |   350 |   118 ||   640

Inventory:

Missiles
 x - 2 large rocks (quivered)
Armour
 b - a +0 kite shield (worn)
 g - a +2 robe of cold resistance
 j - a +2 cloak (worn)
 s - +0 steam dragon scales
 F - a +1 troll leather armour (worn)
Jewellery
 e - a ring of ice
 p - a ring of fire
 u - a ring of ice
 z - a +6 ring of strength (right claw)
 D - a ring of poison resistance
 E - a +4 ring of protection (left claw)
Wands
 a - a wand of polymorph (7)
 v - a wand of acid (5)
Scrolls
 d - a scroll of silence
 f - 4 scrolls of fog
 k - 2 scrolls of fear
 y - 2 scrolls of magic mapping
 A - a scroll of amnesia
 B - 2 scrolls of blinking
 C - 2 scrolls of immolation {unknown}
Potions
 c - a potion of flight
 h - 2 potions of haste
 i - 3 potions of mutation
 l - 3 potions of magic
 m - a potion of might
 n - 2 potions of resistance
 o - 3 potions of cancellation
 q - 7 potions of heal wounds
 r - 2 potions of attraction {unknown}
 t - a potion of degeneration {unknown}
 w - 11 potions of curing
 H - 4 potions of brilliance
 I - 2 potions of lignification


You were on level 13 of the Dungeon.
You visited 3 branches of the dungeon, and saw 16 of its levels.
You also visited: Sewer and Bailey.

You collected 2228 gold pieces.
You spent 1963 gold pieces at shops.

Dungeon Overview and Level Annotations

Branches:
Dungeon (13/15) Temple (1/1) D:7 Lair (0/6) D:10 Orc (2/2) D:11 Elf (0/3) Orc:2 Vaults (0/5) D:12 D:13 Sewer (visited) Bailey (visited)

Altars:
Ashenzari
Cheibriados
Dithmenos
Elyvilon
Fedhas
Gozag
Hepliaklqana
Kikubaaqudgha
Makhleb
Nemelex Xobeh
Okawaru
Qazlal
Ru
Sif Muna
Trog
Uskayaw
Vehumet
Wu Jian
Xom
Yredelemnul
Zin
The Shining One
Beogh

Shops:
D:1 *   Orc:1 :   Orc:2 (?!!([

Annotations:
D:12 Rupert

.....# .[...#### #####.#
......<.### #...#.#
..........####...#.#
...................#
....>......#.....$.#
...........#.......#
....###....#.......###≈#
..........#....)@c..≈≈≈≈
.....##...#...##Dc..≈≈#≈
######..(≈...##.(....##
# #≈≈≈≈...#..#(...# #
≈≈≈≈≈≈≈...#..# .....#
≈≈≈≈≈≈.##.....## .....#
≈≈≈≈≈≈#......## ##.....
≈≈≈≈≈.......## .....
≈≈#........##


You could see a seven-headed hydra and 2 centaur warriors.

Notes
Turn   | Place    | Note
-------+----------+-------------------------------------------
     0 | D:1      | theanonym the Troll Fighter began the quest for the Orb.
     0 | D:1      | Reached XP level 1. HP: 22/22 MP: 0/0
   200 | D:1      | You fall into a shaft and drop 1 floor!
   313 | D:2      | Reached XP level 2. HP: 28/29 MP: 1/1
   339 | D:1      | Found Mudiet's General Store.
   639 | D:1      | Reached XP level 3. HP: 36/36 MP: 2/2
   890 | D:2      | Reached skill level 3 in Unarmed Combat
  1363 | D:3      | HP: 11/36 [gnoll (9)]
  1369 | D:3      | HP: 13/36 [gnoll (3)]
  1390 | D:3      | Reached XP level 4. HP: 43/44 MP: 3/3
  1472 | D:3      | Got Sif Muna's Compendium of Unstable Black Secrets
  1490 | D:3      | Noticed Grinder
  1504 | D:3      | Killed Grinder
  1505 | D:3      | Reached skill level 3 in Fighting
  1505 | D:3      | Reached skill level 3 in Shields
  1505 | D:3      | Reached skill level 4 in Unarmed Combat
  1505 | D:3      | Reached XP level 5. HP: 52/53 MP: 4/4
  1505 | D:3      | Reached XP level 6. HP: 60/61 MP: 5/5
  1532 | D:3      | Noticed Sigmund
  1542 | D:3      | Killed Sigmund
  1543 | D:3      | Reached skill level 5 in Unarmed Combat
  1692 | D:3      | Found a faded altar of an unknown god.
  2179 | D:4      | Reached skill level 4 in Fighting
  2179 | D:4      | Reached skill level 4 in Shields
  2179 | D:4      | Reached XP level 7. HP: 56/70 MP: 6/6
  2189 | D:4      | HP: 35/70 [something (4)]
  2194 | D:4      | HP: 21/70 [something/puff of flame (7)]
  2199 | D:4      | HP: 16/70 [orc (2)]
  2204 | D:3      | HP: 19/70 [orc (3)]
  2212 | D:3      | HP: 26/70 [orc (1)]
  2255 | D:4      | Noticed Dowan
  2268 | D:4      | Killed Dowan
  2269 | D:4      | Reached skill level 6 in Unarmed Combat
  2279 | D:4      | Noticed Duvessa
  2290 | D:4      | HP: 25/67 [Duvessa (17)]
  2297 | D:4      | Killed Duvessa
  2717 | D:4      | Found a glowing drain.
  2725 | Sewer    | Entered a sewer
  2812 | Sewer    | Found a white marble altar of Elyvilon.
  3200 | D:5      | Entered Level 5 of the Dungeon
  3222 | D:5      | Reached skill level 7 in Unarmed Combat
  3222 | D:5      | Reached XP level 8. HP: 79/79 MP: 7/7
  3491 | D:5      | Found a white marble altar of Elyvilon.
  3777 | D:5      | Reached skill level 5 in Fighting
  3777 | D:5      | Reached skill level 5 in Shields
  3965 | D:5      | Found a basalt altar of Yredelemnul.
  4048 | D:6      | Reached skill level 8 in Unarmed Combat
  4195 | D:6      | Reached XP level 9. HP: 77/88 MP: 8/8
  4244 | D:6      | HP: 38/83 [wight (11)]
  4367 | D:6      | Reached skill level 9 in Unarmed Combat
  4432 | D:6      | Found a shadowy altar of Dithmenos.
  4735 | D:6      | Found a sparkling altar of Nemelex Xobeh.
  5084 | D:7      | Reached skill level 6 in Fighting
  5084 | D:7      | Reached skill level 6 in Shields
  5101 | D:7      | Noticed Maggie
  5110 | D:7      | Killed Maggie
  5164 | D:7      | Found a staircase to the Ecumenical Temple.
  5181 | Temple   | Entered the Ecumenical Temple
  5454 | D:7      | Reached skill level 10 in Unarmed Combat
  5978 | D:7      | Noticed Menkaure
  5984 | D:7      | Killed Menkaure
  6141 | D:8      | Noticed a cyclops
  6156 | D:8      | Reached XP level 10. HP: 100/100 MP: 9/9
  6163 | D:8      | Killed a cyclops
  6251 | D:8      | Noticed a red ugly thing
  6258 | D:8      | Noticed Joseph
  6366 | D:7      | Reached skill level 11 in Unarmed Combat
  6404 | D:8      | HP: 47/98 [gnoll sergeant (7)]
  6405 | D:8      | Killed Joseph
  6406 | D:8      | Reached skill level 7 in Fighting
  6406 | D:8      | Reached skill level 7 in Shields
  6519 | D:8      | Found a broken altar of Ashenzari.
  6527 | D:8      | Noticed a two-headed ogre
  6537 | D:8      | Killed a two-headed ogre
  6619 | D:8      | Found a shimmering blue altar of Sif Muna.
  6772 | D:8      | Found a radiant altar of Vehumet.
  6781 | D:8      | Found a bloodstained altar of Trog.
  6904 | D:9      | Noticed a deep elf pyromancer
  6923 | D:9      | Killed a deep elf pyromancer
  6951 | D:9      | Noticed Erica
  6968 | D:9      | Killed Erica
  6973 | D:9      | Reached skill level 12 in Unarmed Combat
  7011 | D:9      | Reached XP level 11. HP: 76/109 MP: 10/10
  7270 | D:9      | Found a flagged portal.
  7305 | Bailey   | Entered a bailey
  7305 | Bailey   | Noticed an orc knight
  7307 | Bailey   | Noticed an orc knight
  7313 | Bailey   | HP: 50/110 [orc warrior/bolt (20)]
  7407 | Bailey   | HP: 71/165 [orc knight (38)]
  7409 | Bailey   | Killed an orc knight
  7410 | Bailey   | HP: 20/165 [orc knight (30)]
  7412 | Bailey   | HP: 6/110 [orc warrior/bolt (9)]
  7497 | Bailey   | Killed an orc knight
  7651 | D:9      | Identified the +5 spear "Poteet" {vorpal, rElec rPois rCorr
                  | Str+4}
  7745 | D:10     | Entered Level 10 of the Dungeon
  7837 | D:10     | Reached skill level 8 in Fighting
  7837 | D:10     | Reached skill level 8 in Shields
  7886 | D:10     | Found a staircase to the Lair.
  8474 | D:11     | Found a staircase to the Orcish Mines.
  8495 | D:11     | Reached skill level 13 in Unarmed Combat
  8697 | D:1      | Bought a +6 ring of strength for 643 gold pieces
  8697 | D:1      | Bought a scroll of fog for 22 gold pieces
  8697 | D:1      | Bought a potion of curing for 33 gold pieces
  9060 | D:11     | Noticed a white ugly thing
  9075 | D:11     | Killed a white ugly thing
  9172 | D:12     | Found a bloodstained altar of Trog.
  9220 | D:12     | Noticed a two-headed ogre
  9227 | D:12     | Killed a two-headed ogre
  9258 | D:12     | Noticed Fannar
  9273 | D:12     | Killed Fannar
  9274 | D:12     | Reached XP level 12. HP: 106/122 MP: 11/11
  9685 | D:13     | Noticed Urug
  9685 | D:13     | Noticed a centaur warrior
  9685 | D:13     | Noticed Rupert
  9685 | D:13     | Found a gate to the Vaults.
  9700 | D:12     | Killed a centaur warrior
  9754 | D:12     | Reached skill level 9 in Shields
  9755 | D:12     | Reached skill level 9 in Fighting
  9762 | D:12     | Reached skill level 14 in Unarmed Combat
  9875 | Orc:1    | Entered Level 1 of the Orcish Mines
 10081 | Orc:2    | Entered Level 2 of the Orcish Mines
 10293 | Orc:1    | HP: 51/123 [ogre (13)]
 10298 | Orc:2    | HP: 42/123 [poisoned by an orc warrior]
 10303 | Orc:2    | HP: 48/123 [poisoned by an orc warrior]
 10708 | Orc:1    | Found Diovody's Book Shoppe.
 10891 | Orc:2    | Found Worua's Distillery.
 10893 | Orc:2    | Found Rootum's Distillery.
 10952 | Orc:2    | Bought a potion of berserk rage for 55 gold pieces
 10952 | Orc:2    | Bought a potion of might for 44 gold pieces
 10952 | Orc:2    | Bought a potion of heal wounds for 55 gold pieces
 10952 | Orc:2    | Bought a potion of heal wounds for 55 gold pieces
 10952 | Orc:2    | Bought a potion of mutation for 88 gold pieces
 10952 | Orc:2    | Bought a potion of lignification for 33 gold pieces
 10952 | Orc:2    | Bought a potion of lignification for 33 gold pieces
 10952 | Orc:2    | Bought 2 potions of curing for 66 gold pieces
 10969 | Orc:2    | Noticed an orc warlord
 11002 | Orc:1    | HP: 43/124 [orc warrior (24)]
 11063 | Orc:1    | Killed an orc warlord
 11173 | Orc:2    | Noticed an orc high priest
 11186 | Orc:2    | Killed an orc high priest
 11187 | Orc:2    | Reached skill level 15 in Unarmed Combat
 11197 | Orc:2    | Found Dejoimn's Antique Weapon Emporium.
 11270 | Orc:2    | Bought a potion of haste for 140 gold pieces
 11315 | Orc:2    | Noticed an orc high priest
 11341 | Orc:2    | Killed an orc high priest
 11352 | Orc:2    | Found Futon's Magic Scroll Emporium.
 11360 | Orc:2    | Bought a scroll of summoning for 104 gold pieces
 11360 | Orc:2    | Bought a scroll of enchant armour for 82 gold pieces
 11509 | Orc:2    | Reached XP level 13. HP: 121/132 MP: 12/12
 11559 | Orc:2    | Found a staircase to the Elven Halls.
 11654 | Orc:2    | HP: 66/133 [orc warrior[an orc high priest] (9)]
 11660 | Orc:2    | HP: 62/133 [orc warrior[an orc high priest] (4)]
 11923 | Orc:2    | Noticed Saint Roka
 11940 | Orc:2    | HP: 87/199 [orc warrior (30)]
 11941 | Orc:2    | Killed Saint Roka
 11942 | Orc:2    | Reached skill level 10 in Fighting
 11942 | Orc:2    | Reached skill level 10 in Shields
 11943 | Orc:2    | HP: 35/133 [orc warrior (14)]
 12186 | Orc:2    | Found Gacom's Antique Armour Shoppe.
 12190 | Orc:2    | Found Limamon's Antique Weapon Emporium.
 12639 | Orc:2    | Found Worua's Distillery.
 12663 | Orc:2    | Found Rootum's Distillery.
 12691 | Orc:2    | Found Futon's Magic Scroll Emporium.
 12705 | Orc:2    | Found Limamon's Antique Weapon Emporium.
 12709 | Orc:2    | Found Gacom's Antique Armour Shoppe.
 12840 | Orc:2    | Found Dejoimn's Antique Weapon Emporium.
 12902 | Orc:2    | Bought a potion of resistance for 140 gold pieces
 12902 | Orc:2    | Bought a potion of curing for 42 gold pieces
 12902 | Orc:2    | Bought a potion of might for 56 gold pieces
 12902 | Orc:2    | Bought a potion of heal wounds for 70 gold pieces
 12902 | Orc:2    | Bought a potion of might for 56 gold pieces
 12902 | Orc:2    | Bought a potion of heal wounds for 70 gold pieces
 12926 | Orc:2    | Bought a scroll of magic mapping for 38 gold pieces
 12926 | Orc:2    | Bought a scroll of fear for 38 gold pieces
 13050 | D:12     | HP: 59/133 [water elemental (10)]
 13052 | D:12     | HP: 28/133 [Rupert (10)]
 13154 | D:13     | Killed Urug
 13293 | D:13     | Reached skill level 16 in Unarmed Combat
 13324 | D:13     | HP: 63/135 [seven-headed hydra (9)]
 13324 | D:13     | HP: 23/135 [seven-headed hydra (13)]
 13325 | D:13     | HP: 8/135 [seven-headed hydra (10)]
 13325 | D:13     | Slain by a seven-headed hydra

Vanquished Creatures
  Saint Roka (Orc:2)
  An orc warlord (Orc:1)
  Fannar (D:12)
  Erica (D:9)
  A catoblepas (D:13)
  3 two-headed ogres
  2 centaur warriors
  4 orc high priests (Orc:2)
  Urug (D:13)
  3 orc knights
  A deep elf pyromancer (D:9)
  4 orc sorcerers (Orc:2)
  An ugly thing (D:11)
  2 cyclopes
  Joseph (D:8)
  Maggie (D:7)
  An efreet (D:13)
  5 trolls
  Grinder (D:3)
  3 slime creatures
  A centaur simulacrum (D:13)
  A water elemental (D:12)
  2 wraiths
  Sigmund (D:3)
  5 wyverns
  10 yaks
  A basilisk (D:12)
  15 humans (D:12)
  Menkaure (D:7)
  15 wargs
  An acid dragon (D:10)
  3 water moccasins
  Duvessa (D:4)
  39 orc warriors
  4 sky beasts
  5 black bears
  12 centaurs
  3 necrophages
  9 ogres
  A kobold brigand (Sewer)
  6 bullfrogs
  2 gnoll sergeants
  4 scorpions
  A water moccasin skeleton (D:5)
  Dowan (D:4)
  5 killer bees
  8 wights
  5 howler monkeys
  An electric eel (D:13)
  7 centaur zombies
  A hound (D:5)
  A centaur skeleton (D:5)
  A jelly (D:7)
  A bullfrog zombie (D:7)
  22 orc priests
  32 orc wizards
  3 iguanas (D:5)
  2 killer bee zombies
  A hound zombie (D:4)
  A hound skeleton (D:5)
  2 howler monkey zombies
  3 adders
  10 gnolls
  2 river rats (D:4)
  2 worms
  A dart slug (D:3)
  123 orcs
  5 endoplasms
  4 giant cockroaches
  6 goblins
  6 hobgoblins
  A jackal (Sewer)
  A quokka (D:1)
  9 ball pythons
  6 bats
  4 frilled lizards (D:1)
  13 kobolds
  A quokka skeleton (D:2)
  11 rats
  A spectral orc (D:5)
484 creatures vanquished.

Vanquished Creatures (others)
  An ugly thing (D:7)
  A steam dragon (D:9)
  An orc wizard (Orc:1)
  An orc (D:8)
  19 fungi (D:10)
  A plant (D:10)
24 creatures vanquished.

Grand Total: 508 creatures vanquished

Table legend: (Time is in decaauts)
 A = Elapsed time spent in this place.
 B = Non-inter-level travel time spent in this place.
 C = Inter-level travel time spent in this place.
 D = Time resting spent in this place.
 E = Time spent auto-exploring this place.
 F = Levels seen in this place.
 G = Mean time per level.
                   A        B        C        D        E       F      G
               +--------+--------+--------+--------+--------+-----+--------+
         Total |  13193 |  12141 |   1052 |   1053 |   8462 |  18 |  732.9 |
       Dungeon |   9474 |   8599 |    875 |    430 |   6479 |  13 |  728.8 |
        Temple |    220 |    200 |     20 |      0 |    200 |   1 |  220.0 |
  Orcish Mines |   3027 |   2871 |    156 |    459 |   1665 |   2 | 1513.5 |
         Sewer |    153 |    153 |      0 |      0 |    118 |   1 |  153.0 |
        Bailey |    316 |    316 |      0 |    163 |      0 |   1 |  316.0 |
               +--------+--------+--------+--------+--------+-----+--------+

Top non-repeatable levels by time:
   Orc:2: 2238 daAuts
     D:7: 1080 daAuts
     D:3: 1029 daAuts
     D:6: 961 daAuts
     D:4: 880 daAuts
     D:5: 862 daAuts
   Orc:1: 789 daAuts
    D:12: 772 daAuts
     D:2: 698 daAuts
     D:9: 668 daAuts
    D:10: 662 daAuts
     D:1: 650 daAuts
     D:8: 563 daAuts
    D:11: 459 daAuts
  Bailey: 316 daAuts
